 Dungeon Crawl Stone Soup version 0.21.1-1-g345015f (webtiles) character file.

227 Fang the Skirmisher (level 6, -2/58 HPs)
             Began as a Gargoyle Berserker on May 11, 2018.
             Was a Believer of Trog.
             Slain by a scorpion (6 damage)
             ... on level 4 of the Dungeon.
             The game lasted 00:03:48 (3309 turns).

Fang the Skirmisher (Gargoyle Berserker)            Turns: 3309, Time: 00:03:49

Health: -2/58      AC:  6    Str: 28    XL:     6   Next: 2%
Magic:  6/6        EV: 12    Int:  7    God:    Trog [**....]
Gold:   132        SH:  0    Dex:  9    Spells: 5/5 levels left

rFire    . . .     SeeInvis .   a - +0 hand axe
rCold    . . .     Gourm    .   (no shield)
rNeg     + . .     Faith    .   b - +0 animal skin
rPois    ∞         Spirit   .   (no helmet)
rElec    +         Reflect  .   (no cloak)
rCorr    +         Harm     .   (no gloves)
MR       .....                  (no boots)
Stlth    ..........             (no amulet)
HPRegen  0.19/turn              q - -4 ring of slaying (curse)
MPRegen  0.10/turn              n - ring of resist corrosion

@: berserking, very quick
A: negative energy resistance 1, electricity resistance, unbreathing,
petrification resistance, rot immunity, AC +4
a: Berserk, Trog's Hand, Burn Spellbooks, Renounce Religion


You were on level 4 of the Dungeon.
You worshipped Trog.
Trog was pleased with you.
You were near starving.

You visited 1 branch of the dungeon, and saw 4 of its levels.

You collected 132 gold pieces.

Inventory:

Hand Weapons
 a - a +0 hand axe (weapon)
Armour
 b - a +0 animal skin (worn)
Jewellery
 n - a ring of resist corrosion (right hand)
 q - a cursed -4 ring of slaying (left hand)
Wands
 h - a wand of clouds (3)
Scrolls
 d - 4 scrolls of identify
 e - 2 scrolls of blinking
 f - a scroll of remove curse
 g - a scroll of fear {unknown}
Potions
 k - a potion of invisibility
 m - 3 potions of curing {unknown}
 p - a potion of cancellation {unknown}
 r - a potion of flight {unknown}
Comestibles
 c - 5 rations


   Skills:
 + Level 4.5 Fighting
 + Level 4.2 Axes
 + Level 2.5 Armour
 + Level 2.7 Dodging
 + Level 1.5 Stealth


You had 5 spell levels left.
You didn't know any spells.

Dungeon Overview and Level Annotations

Branches:
Dungeon (4/15)
 Temple: D:4-7

Altars:
Gozag
Nemelex Xobeh
Uskayaw


Innate Abilities, Weirdness & Mutations

You are resistant to torment.
Your stone body is resilient. (AC +4)
You are immune to poison.
You resist negative energy. (rN+)
You are resistant to electric shocks. (rElec)
You can survive without breathing.
You are immune to petrification.
You are immune to rotting.


Message History

The scorpion is severely wounded.
The scorpion stings you!
* * * LOW HITPOINT WARNING * * *
You hit the scorpion but do no damage.
The scorpion is severely wounded.
The scorpion barely misses you.
You hit the scorpion.
The scorpion is almost dead.
The scorpion misses you. The scorpion closely misses you.
You barely miss the scorpion.
The scorpion is almost dead.
The scorpion misses you.
You closely miss the scorpion.
The scorpion is almost dead.
The scorpion closely misses you.
A red film seems to cover your vision as you go berserk!
You feel yourself moving faster!
You feel mighty!
You are near starving!
The scorpion stings you.
You die...

..........#..##.#.##.##.#.##
#..#....###..#.... ... #
#..#.# #..#).# ##.#. #..#.#
#..#..# ##.#.. #. #.#
#..#..#.##.. .. .. #.#
#..........# .## .# #.#
#..#..#.#### #
..#..#.###........
#......:...@s......
#..................
####..#.###........ ........
...(..#.# ###..#.. #.....# #
#..#$. #....... #.
#..h#........ .. .<
........#


You could see a scorpion.

Vanquished Creatures
  Terence (D:3)
  Ijyb (D:3)
  A worker ant (D:4)
  Robin (D:3)
  6 adders
  An ooze (D:3)
  4 bats
  6 giant cockroaches
  15 goblins
  7 hobgoblins
  17 jackals
  A quokka (D:2)
  2 frilled lizards (D:3)
  5 kobolds
  6 rats
74 creatures vanquished.

Notes
Turn   | Place    | Note
-------+----------+-------------------------------------------
     0 | D:1      | Fang the Gargoyle Berserker began the quest for the Orb.
     0 | D:1      | Reached XP level 1. HP: 14/14 MP: 1/1
   489 | D:1      | Reached XP level 2. HP: 17/19 MP: 2/2
  1589 | D:2      | Reached XP level 3. HP: 24/24 MP: 3/3
  1711 | D:2      | Found a hide-covered altar of Uskayaw.
  1778 | D:2      | Reached XP level 4. HP: 28/29 MP: 4/4
  1990 | D:2      | Reached ** piety under Trog
  2103 | D:2      | Reached skill level 1 in Stealth
  2272 | D:2      | Found a sparkling altar of Nemelex Xobeh.
  2273 | D:2      | Found an opulent altar of Gozag.
  2415 | D:3      | Noticed Terence
  2429 | D:3      | Killed Terence
  2429 | D:3      | Reached XP level 5. HP: 31/33 MP: 5/5
  2603 | D:3      | Noticed Robin
  2615 | D:3      | Killed Robin
  2774 | D:3      | Noticed Ijyb
  2788 | D:3      | Killed Ijyb
  2788 | D:3      | Reached *** piety under Trog
  3017 | D:4      | Reached XP level 6. HP: 13/39 MP: 6/6
  3309 | D:4      | Slain by a scorpion

Skill      XL: |  1  2  3  4  5 |
---------------+----------------+-----
Dodging        | 2 |  2.7
Axes           | 3 4 |  4.2
Fighting       | 4 |  4.5
Stealth        | 1 |  1.5
Armour         | |  2.5

Action                   |  1- 3 |  4- 6 || total
-------------------------+-------+-------++-------
Melee: Hand axe          |    83 |   205 ||   288
Invok: Berserk           |     1 |     4 ||     5
  Use: Scroll            |       |     7 ||     7
 Stab: Sleeping          |     3 |       ||     3
  Eat: Chunk             |     4 |     7 ||    11
Armor: Animal skin       |    35 |    67 ||   102
Dodge: Dodged            |    67 |   142 ||   209
